 Dungeon Crawl Stone Soup version 0.29.1-12-g30fa7ad0bf (webtiles) character file.

Game seed: 10531212841569582523

11267 EarthwalkerPL the Protected (level 11, -1/93 (104) HPs)
             Began as a Minotaur Fighter on Dec 24, 2022.
             Was a Follower of Lugonu.
             Slain by a profane servitor
             ... wielding a +3 whip of draining
              (7 damage)
             ... on level 2 of the Abyss.
             The game lasted 00:17:40 (8269 turns).

EarthwalkerPL the Protected (Minotaur Fighter)      Turns: 8269, Time: 00:17:42

HP:   -1/93 (104)   AC: 19    Str: 25    XL:     11   Next: 47%
MP:   10/10         EV:  7    Int:  5    God:    Lugonu [*.....]
Gold: 488           SH:  6    Dex: 10    Spells: 10/10 levels left

rFire   . . .      SeeInvis +   G - +1 war axe (elec)
rCold   . . .      Faith    .   c - +0 buckler
rNeg    . . .      Spirit   .   P - +0 plate armour
rPois   .          Reflect  .   w - +1 hat
rElec   .          Harm     .   (no cloak)
rCorr   +          Rampage  .   j - +0 pair of gloves
Will    .....                   E - +0 pair of boots
Stlth   ..........              n - amulet of regeneration
HPRegen 1.05/turn               s - ring of resist corrosion
MPRegen 0.12/turn               y - ring of see invisible

@: wreathed by umbra, heavily drained
A: horns 2, retaliatory headbutt
a: Renounce Religion, Depart the Abyss


You were on level 2 of the Abyss.
You worshipped Lugonu.
Lugonu was aware of your devotion.
You visited 2 branches of the dungeon, and saw 11 of its levels.
You visited the Abyss 1 time.

You collected 488 gold pieces.

Inventory:

Hand Weapons
 a - a +0 war axe
 G - a +1 war axe of electrocution (weapon)
Missiles
 p - 3 curare-tipped darts (quivered)
 K - 20 poisoned darts
 O - 3 silver boomerangs
Armour
 b - a +0 scale mail
 c - a +0 buckler (worn)
 j - a +0 pair of gloves (worn)
 w - a +1 hat (worn)
 E - a +0 pair of boots (worn)
 P - a +0 plate armour (worn)
Jewellery
 h - a ring of magical power
 n - an amulet of regeneration (around neck)
 s - a ring of resist corrosion (left hand)
 y - a ring of see invisible (right hand)
 A - a ring of ice
 M - an amulet of reflection
Wands
 v - a wand of roots (19)
 z - a wand of polymorph (10)
 B - a wand of light (4)
 F - a wand of flame (14)
Scrolls
 f - 7 scrolls of teleportation
 i - 2 scrolls of immolation {unknown}
 k - 3 scrolls of enchant armour {unknown}
 l - 3 scrolls of noise {unknown}
 m - a scroll of poison {unknown}
 o - a scroll of brand weapon {unknown}
 q - 3 scrolls of blinking {unknown}
 r - 12 scrolls of identify {unknown}
 H - a scroll of silence {unknown}
 J - 2 scrolls of enchant weapon {unknown}
 N - 2 scrolls of amnesia {unknown}
 R - a scroll of fear {unknown}
Potions
 d - 2 potions of might
 e - 5 potions of curing {unknown}
 g - a potion of degeneration {unknown}
 t - 2 potions of attraction {unknown}
 u - 3 potions of brilliance {unknown}
 x - 2 potions of haste {unknown}
 C - a potion of heal wounds {unknown}
 D - 3 potions of flight {unknown}
 I - 2 potions of magic {unknown}
 L - a potion of mutation {unknown}
 Q - a potion of berserk rage {unknown}


   Skills:
 * Level 12.1 Fighting
 * Level 12.0 Axes
 * Level 12.2 Armour
 + Level 9.2 Shields


You had 10 spell levels left.
You didn't know any spells.
Your spell library contained the following spells:

 Spells                   Type           Power      Damage    Failure   Level
 Foxfire                  Conj/Fire      0%         2x1d4     99%         1
 Ensorcelled Hibernation  Hex/Ice        0%         N/A       100%        2
 Passwall                 Tmut/Erth      0%         N/A       100%        2
 Scorch                   Fire           0%         2d5       100%        2
 Call Canine Familiar     Summ           0%         N/A       100%        3
 Conjure Flame            Conj/Fire      0%         6-21      100%        3
 Dazzling Flash           Conj/Hex       0%         N/A       100%        3
 Gell's Gravitas          Tloc           0%         N/A       100%        3
 Inner Flame              Hex/Fire       0%         N/A       100%        3
 Lesser Beckoning         Tloc           0%         N/A       100%        3
 Ozocubu's Armour         Ice            0%         N/A       100%        3
 Portal Projectile        Hex/Tloc       0%         N/A       100%        3
 Swiftness                Air            0%         N/A       100%        3
 Teleport Other           Tloc           0%         N/A       100%        3
 Tukima's Dance           Hex            0%         N/A       100%        3
 Animate Armour           Summ/Erth      0%         N/A       100%        4
 Flame Wave               Conj/Fire      0%         2d4       100%        4
 Leda's Liquefaction      Hex/Erth       0%         N/A       100%        4
 Passage of Golubria      Tloc           0%         N/A       100%        4
 Agony                    Necr           0%         N/A       100%        5
 Blade Hands              Tmut           0%         N/A       100%        5
 Silence                  Hex/Air        0%         N/A       100%        5
 Yara's Violent Unravell  Hex/Tmut       0%         3d3       100%        5
 Iron Shot                Conj/Erth      0%         9d1       100%        6
 Summon Cactus Giant      Summ           0%         N/A       100%        6
 Ozocubu's Refrigeration  Ice            0%         4d7       100%        7


Dungeon Overview and Level Annotations

Branches:
Dungeon (10/15)            Temple (1/1) D:6
   Lair: D:8-11         Orc: D:9-12

Altars:
Ashenzari
Cheibriados
Dithmenos
Elyvilon
Fedhas
Gozag
Hepliaklqana
Kikubaaqudgha
Makhleb
Okawaru
Qazlal
Sif Muna
Trog
Uskayaw
Vehumet
Wu Jian
Xom
Yredelemnul
Zin
The Shining One

Shops:
D:2 *   D:8 (   D:9 [

Annotations:
D:8 3 runed translucent doors
D:10 Erolcha


Innate Abilities, Weirdness & Mutations

You have a pair of horns on your head.
You reflexively headbutt those who attack you in melee.


Message History

You are suddenly pulled into a different region of the Abyss!
A profane servitor comes into view. It is wielding a +3 whip of draining.
Found a corrupted altar of Lugonu.
You are too injured to fight recklessly!
The profane servitor attacks as you move away!
The profane servitor closely misses you.
The profane servitor hits you but does no damage.
You feel drained.
You block the profane servitor's attack.
The profane servitor hits you but does no damage.
You feel drained.
The profane servitor hits you with a +3 whip of draining.
The profane servitor draws strength from your injuries!
You feel drained.
The profane servitor hits you but does no damage.
You feel drained.
The profane servitor attacks as you move away!
The profane servitor barely misses you.
You block the profane servitor's attack.
The profane servitor hits you with a +3 whip of draining!
* * * LOW HITPOINT WARNING * * *
The profane servitor draws strength from your injuries!
You feel drained.
* * * LOW HITPOINT WARNING * * *
The profane servitor hits you with a +3 whip of draining!
* * * LOW HITPOINT WARNING * * *
You feel drained.
* * * LOW HITPOINT WARNING * * *
You feel drained.
* * * LOW HITPOINT WARNING * * *
There is a corrupted altar of Lugonu, spattered with blood here.
You kneel at the altar of Lugonu.
You have lost your religion!
Okawaru does not appreciate desertion!
Lugonu welcomes you!
You can now depart the Abyss.
The profane servitor hits you but does no damage.
You feel drained.
The profane servitor hits you with a +3 whip of draining!
You die...

..
#.#.......
... #..##
#.. #...#
#...#.#.##
#...#.##
#...#..#.#
#...#... .#
#.#..#.A####
..#.###.@..#
.#
#.....###..#
#..###. ..#
#. # ... #
##


You could see a profane servitor.

Vanquished Creatures
  2 two-headed ogres (D:9)
  Pikel (D:6)
  A large abomination (Abyss:2)
  Maggie (D:6)
  2 kobold demonologists (D:9)
  2 trolls (D:9)
  A hornet (D:9)
  2 wraiths (D:9)
  16 yaks
  3 small abominations (Abyss:2)
  2 wyverns (D:9)
  Grum (D:9)
  A steam dragon (D:9)
  2 vampire mosquitoes (D:8)
  5 water moccasins
  2 orc warriors
  2 sky beasts (D:7)
  A black bear (D:6)
  2 ogres
  4 wolves (D:9)
  2 centaurs (D:7)
  Blork the orc (D:6)
  6 kobold brigands (D:9)
  6 phantoms
  3 bullfrogs
  2 gnoll sergeants (D:7)
  A scorpion (D:4)
  5 killer bees
  4 jellies
  A gnoll bouda (D:6)
  2 hounds
  7 orc priests
  Crazy Yiuf (D:2)
  2 iguanas
  9 orc wizards
  9 adders
  11 gnolls
  A white imp (D:6)
  2 ufetubi
  2 dart slugs
  30 orcs
  10 endoplasms
  5 giant cockroaches
  5 goblins
  A hobgoblin (D:4)
  6 kobolds
  A quokka (D:3)
  7 ball pythons
  6 bats
  4 frilled lizards
  8 rats
  A lurking horror (Abyss:2)
214 creatures vanquished.

Vanquished Creatures (others)
  12 plants (D:9)
12 creatures vanquished.

Grand Total: 226 creatures vanquished

Notes
Turn   | Place    | Note
-------+----------+-------------------------------------------
     0 | D:1      | EarthwalkerPL the Minotaur Fighter began the quest for the
                  | Orb.
     0 | D:1      | Reached XP level 1. HP: 19/19 MP: 0/0
   403 | D:1      | Reached XP level 2. HP: 26/27 MP: 1/1
  1066 | D:2      | Found Piesekim's Assorted Antiques.
  1155 | D:2      | Reached XP level 3. HP: 33/33 MP: 2/2
  1218 | D:2      | Found a runed translucent door.
  1219 | D:2      | Noticed Crazy Yiuf
  1659 | D:2      | Killed Crazy Yiuf
  1660 | D:2      | Reached XP level 4. HP: 28/40 MP: 3/3
  2446 | D:3      | Reached XP level 5. HP: 47/47 MP: 4/4
  2561 | D:4      | Noticed a phantom
  2573 | D:3      | Killed a phantom
  2574 | D:3      | Reached skill level 5 in Armour
  2592 | D:4      | Found a glowing silver altar of Zin.
  2625 | D:4      | Reached skill level 5 in Fighting
  2736 | D:4      | Reached XP level 6. HP: 56/56 MP: 5/5
  2741 | D:4      | Found a burning altar of Makhleb.
  2816 | D:4      | Found an opulent altar of Gozag.
  2886 | D:4      | Reached skill level 5 in Axes
  3038 | D:4      | Found a hide-covered altar of Uskayaw.
  3145 | D:5      | Entered Level 5 of the Dungeon
  3188 | D:5      | Reached XP level 7. HP: 62/62 MP: 6/6
  3190 | D:5      | Found a glowing golden altar of the Shining One.
  3204 | D:5      | Found a radiant altar of Vehumet.
  3266 | D:5      | Reached skill level 5 in Shields
  4233 | D:6      | Noticed Blork the orc
  4242 | D:6      | Killed Blork the orc
  4243 | D:6      | Reached XP level 8. HP: 57/71 MP: 7/7
  4302 | D:6      | Found a shimmering altar of Xom.
  4487 | D:6      | Noticed Pikel
  4510 | D:6      | Killed Pikel
  4575 | D:6      | Reached XP level 9. HP: 73/81 MP: 8/8
  4600 | D:6      | Found a staircase to the Ecumenical Temple.
  4668 | D:6      | Noticed Maggie
  4703 | Temple   | Entered the Ecumenical Temple
  4723 | Temple   | Became a worshipper of Warmaster Okawaru
  4736 | D:6      | Killed Maggie
  5414 | D:7      | Reached * piety under Okawaru
  6122 | D:8      | Found Goefav's Weapon Shop.
  6477 | D:8      | Found a runed translucent gate.
  6482 | D:8      | Reached skill level 10 in Armour
  6482 | D:8      | Reached XP level 10. HP: 90/93 MP: 9/9
  6491 | D:8      | Reached skill level 10 in Fighting
  6491 | D:8      | Found a runed translucent gate.
  6491 | D:8      | Found a runed translucent gate.
  6493 | D:8      | Noticed a brown ugly thing
  6493 | D:8      | Noticed a white ugly thing
  6594 | D:8      | Noticed a brown ugly thing
  6866 | D:9      | Noticed Grum
  6871 | D:9      | Reached ** piety under Okawaru
  6872 | D:9      | Reached skill level 10 in Axes
  6883 | D:9      | Killed Grum
  7056 | D:9      | Reached *** piety under Okawaru
  7190 | D:9      | Noticed a sixfirhy
  7203 | D:9      | Reached **** piety under Okawaru
  7276 | D:9      | Reached XP level 11. HP: 100/102 MP: 10/10
  7359 | D:9      | Noticed a two-headed ogre
  7369 | D:9      | Killed a two-headed ogre
  7588 | D:9      | Reached ***** piety under Okawaru
  7639 | D:9      | Noticed a two-headed ogre
  7648 | D:9      | Killed a two-headed ogre
  7783 | D:9      | Found Jidajik's Antique Armour Boutique.
  7865 | D:9      | Found a white marble altar of Elyvilon.
  8036 | D:10     | Entered Level 10 of the Dungeon
  8036 | D:10     | Noticed Erolcha
  8041 | Abyss:2  | Cast into level 2 of the Abyss (Erolcha)
  8059 | Abyss:2  | Found a corrupted altar of Lugonu.
  8067 | Abyss:2  | Found a corrupted altar of Lugonu.
  8120 | Abyss:2  | Noticed a large abomination
  8222 | Abyss:2  | Noticed a thrashing horror
  8225 | Abyss:2  | Noticed a thrashing horror
  8232 | Abyss:2  | Noticed a tentacled monstrosity
  8233 | Abyss:2  | Noticed a thrashing horror
  8261 | Abyss:2  | Found a corrupted altar of Lugonu.
  8261 | Abyss:2  | Noticed a profane servitor
  8269 | Abyss:2  | Fell from the grace of Okawaru
  8269 | Abyss:2  | Became a worshipper of Lugonu the Unformed
  8269 | Abyss:2  | Reached * piety under Lugonu
  8269 | Abyss:2  | Slain by a profane servitor

Illustrated notes

Levels and vault maps discovered:
D:1:      psy_arrival_fountain, layout_basic
D:2:      layout_basic, serial_shops, nicolae_diamond_shop, st_stairs_4,
          uniq_crazy_yiuf_cottage
D:3:      layout_loops_ring, hex_tiny, kennysheep_pointless_box
D:4:      layout_cave_pools, nicolae_overflow_crystal_walls,
          nicolae_gozag_cash_rules_everything_around_me, general_overflow_altar,
          nicolae_uskayaw_suspiria
D:5:      layout_loops_cross, mainiacjoe_overflow_large_starburst,
          portal_sewer_entry_b, dk_noncrumbling_3
D:6:      layout_basic, tgw_xom, minmay_temple_entry_statues_pillars,
          minmay_misc_feat_columns, nicolae_underground_beach,
          uniq_blork_the_orc, uniq_pikel, uniq_maggie
D:7:      layout_basic
D:8:      layout_basic, serial_shops, nicolae_take_the_stairs,
          ploomutoo_gammafunk_ghost_potion_laboratory
D:9:      minmay_razor_zed, layout_rooms, nicolae_elyvilon_temple_path,
          serial_shops, nicolae_lakefront_shop, uniq_grum
D:10:     layout_loops_ring, nemelex_xobeh_ov_fountains_minmay,
          lemuel_tele_altar, enter_trove_6, uniq_erolcha, uniq_harold
Temple:   hellmonk_temple_two_chambers
Abyss:2:  base: Sewer, hangedman_abyss_shoalhut, hangedman_abyss_shoalhut,
          abyss_greek_temple

Skill      XL: |  1  2  3  4  5  6  7  8  9 10 11 |
---------------+----------------------------------+-----
Axes           | 3 4 5 6 8 9 11 12 | 12.0
Armour         | 4 5 6 7 8 10 11 12 | 12.2
Fighting       | 4 5 6 8 9 11 12 | 12.1
Shields        | 4 5 6 7 8 9 |  9.2

Action                   |  1- 3 |  4- 6 |  7- 9 | 10-12 || total
-------------------------+-------+-------+-------+-------++-------
Melee: War axe           |    58 |    85 |   229 |   227 ||   599
       Headbutt          |     5 |    15 |    39 |    52 ||   111
Throw: Dart              |       |       |     4 |     4 ||     8
  Use: Scroll            |       |       |       |     2 ||     2
Armor: Scale mail        |    29 |    31 |    88 |       ||   148
       Plate armour      |       |       |    17 |   172 ||   189
Dodge: Dodged            |    14 |    38 |    93 |    77 ||   222
Block: Buckler           |    15 |    23 |    63 |    71 ||   172
